Map: [ESL] Oceanborn

Players

DnS

  • Race: Protoss Protoss
  • Spawn Location: 11:00

Serral - Winner!

  • Race: Zerg Zerg
  • Spawn Location: 5:00

Event: HomeStory Cup XXIV

VOD

Have the link to the VOD?

Description

Time

  • Played on: Dec. 1, 2023, 6:48 a.m.
  • Length: 8:25

All games in this series

Show
View Real Time Build Order
Export as new Build Order

DnS Protoss 

Build Orders: 1 Gate Expand, Oracle Opening 

Get SALT Encoding   

  12  0:00  Probe  
  13  0:12  Probe  
  14  0:18  Pylon  
  14  0:24  Probe  
  15  0:28  Assimilator  
  15  0:36  Probe (Chrono Boost)  
  16  0:44  Gateway  
  16  0:49  Probe (Chrono Boost)  
  17  0:55  Probe (Chrono Boost)  
  18  1:03  Probe  
  19  1:15  Probe  
  20  1:24  Nexus  
  20  1:33  Cybernetics Core  
  20  1:37  Probe  
  21  1:42  Assimilator  
  21  1:49  Probe  
  21  1:51  Pylon  
  22  2:01  Probe (Chrono Boost)  
  23  2:12  Probe (Chrono Boost)  
  23  2:14  Stargate  
  27  2:22  Adept (Chrono Boost)  
  26  2:31  Pylon  
  24  2:39  Probe  
  25  2:55  Probe  
  25  2:57  Probe  
  26  3:08  Oracle (Chrono Boost), Probe  
  31  3:14  Probe (Chrono Boost)  
  31  3:20  Probe (Chrono Boost)  
  31  3:22  Adept  
  35  3:29  Probe x2 (Chrono Boost)  
  35  3:32  Pylon  
  36  3:34  Probe (Chrono Boost)  
  36  3:36  Probe  
  38  3:46  Oracle (Chrono Boost), Probe  
  39  3:48  Probe  
  43  3:56  Warp Gate  
  43  3:58  Probe  
  43  4:00  Probe  
  45  4:06  Adept  
  47  4:10  Probe  
  47  4:13  Probe  
  47  4:14  Pylon  
  49  4:22  Probe  
  50  4:26  Probe, Oracle (Chrono Boost), Pylon  
  54  4:34  Probe  
  55  4:39  Probe  
  56  4:46  Probe  
  56  4:47  Nexus  
  56  4:49  Pylon  
  56  4:51  Assimilator, Probe  
  58  4:54  Assimilator  
  58  4:59  Probe  
  58  5:02  Gateway  
  58  5:03  Pylon, Probe  
  58  5:04  Gateway  
  59  5:09  Nexus  
  59  5:18  Probe  
  59  5:19  Probe  
  61  5:28  Shield Battery  
  61  5:29  Twilight Council  
  61  5:30  Forge  
  61  5:31  Probe x2 (Chrono Boost)  
  63  5:39  Pylon  
  65  5:43  Probe x2 (Chrono Boost)  
  65  5:44  Stalker  
  67  5:50  Probe x2 (Chrono Boost)  
  69  5:57  Probe x2  
  69  6:02  Protoss Ground Weapons Level 1  
  69  6:04  Blink (Chrono Boost)  
  71  6:08  Stalker x3  
  71  6:09  Probe (Chrono Boost)  
  79  6:12  Probe (Chrono Boost)  
  79  6:21  Pylon, Probe (Chrono Boost)  
  79  6:23  Probe (Chrono Boost)  
  79  6:25  Probe (Chrono Boost)  
  82  6:29  Probe (Chrono Boost)  
  82  6:31  Probe (Chrono Boost)  
  85  6:33  Probe (Chrono Boost)  
  85  6:35  Pylon  
  85  6:38  Probe x3 (Chrono Boost)  
  88  6:40  Gateway  
  88  6:41  Gateway  
  88  6:45  Stalker  
  88  6:46  Stalker x2  
  94  6:47  Probe  
  95  6:55  Gateway  
  95  6:57  Probe x2  
  95  6:59  Assimilator  
  95  7:00  Assimilator, Probe  
  95  7:01  Templar Archives  
  98  7:11  Stalker x3  
  104  7:18  Nexus  
  104  7:20  Pylon  
  104  7:26  Shield Battery x2  
  104  7:31  Shield Battery  
  104  7:34  Pylon  
  104  7:35  Stalker x2  
  104  7:36  Stalker  
  110  7:43  Stalker x2  
  113  7:53  Stalker  
  114  8:01  Stalker x3  
  108  8:11  Stalker x2  
  97  8:21  Stalker  
Show
View Real Time Build Order
Export as new Build Order

Serral Zerg - Winner!

Build Orders: Pool First 

Get SALT Encoding   

  12  0:00  Drone  
  13  0:11  Overlord  
  13  0:16  Drone  
  14  0:29  Drone x2  
  14  0:35  Drone  
  17  0:43  Spawning Pool  
  16  1:05  Drone  
  16  1:09  Hatchery  
  16  1:12  Drone  
  17  1:28  Extractor  
  17  1:30  Zergling x6  
  19  1:33  Queen  
  21  1:40  Overlord  
  21  1:52  Drone  
  22  2:02  Drone  
  23  2:09  Queen  
  23  2:13  Drone  
  26  2:20  Drone  
  26  2:21  Queen  
  29  2:23  Drone  
  30  2:34  Metabolic Boost  
  30  2:36  Drone x2  
  31  2:40  Drone  
  31  2:43  Overlord  
  32  2:47  Drone  
  32  2:48  Drone  
  32  2:50  Drone  
  35  3:05  Hatchery  
  33  3:06  Drone  
  33  3:10  Drone  
  33  3:11  Drone  
  35  3:17  Queen  
  37  3:23  Drone x3  
  37  3:26  Overlord  
  40  3:28  Zergling x2  
  40  3:29  Zergling x2  
  40  3:33  Zergling x4  
  44  3:45  Drone  
  44  3:46  Zergling x6  
  48  3:48  Overlord  
  48  3:51  Zergling x8  
  52  4:01  Queen  
  52  4:06  Queen  
  52  4:08  Drone x2  
  52  4:09  Drone x2  
  58  4:18  Drone  
  58  4:19  Drone  
  58  4:22  Drone x6  
  66  4:27  Overlord x2  
  66  4:32  Overlord  
  66  4:37  Spore Crawler  
  65  4:38  Spore Crawler  
  65  4:39  Drone  
  65  4:40  Drone  
  65  4:44  Overlord  
  65  4:46  Drone  
  65  4:50  Overlord  
  66  4:54  Drone x5  
  66  4:59  Roach Warren  
  69  5:01  Drone x2  
  69  5:05  Drone x3  
  74  5:10  Lair  
  74  5:11  Extractor  
  74  5:12  Drone x2  
  74  5:15  Drone  
  74  5:16  Drone  
  74  5:19  Extractor  
  75  5:21  Drone x4  
  75  5:26  Drone  
  75  5:27  Drone  
  75  5:28  Drone  
  82  5:31  Extractor  
  82  5:33  Drone  
  82  5:34  Drone x5  
  86  5:36  Evolution Chamber  
  86  5:39  Overlord  
  85  5:46  Drone  
  85  5:47  Drone, Hatchery  
  85  5:49  Drone x3  
  89  5:52  Extractor x2  
  89  5:53  Spore Crawler  
  86  5:57  Overlord  
  86  5:59  Drone  
  86  6:00  Drone  
  86  6:02  Overlord  
  86  6:05  Overlord x2  
  86  6:08  Glial Reconstitution  
  86  6:10  Zerg Missile Weapons Level 1  
  85  6:13  Roach x3  
  91  6:19  Roach x4  
  91  6:24  Overseer  
  99  6:27  Roach x4  
  99  6:30  Overlord  
  107  6:34  Roach x3  
  107  6:36  Overlord  
  113  6:40  Overlord x2  
  113  6:45  Roach x3  
  113  6:47  Ravager x2  
  120  6:53  Ravager x2  
  123  6:55  Zergling x8, Roach x3  
  133  7:04  Zergling x10  
  137  7:10  Roach  
  137  7:11  Roach x3  
  137  7:12  Overlord  
  137  7:13  Overlord  
  145  7:20  Roach x2  
  145  7:21  Roach x3  
  145  7:22  Zergling x2  
  156  7:28  Zergling x4, Roach x2  
  159  7:37  Zergling x8, Infestation Pit  
  163  7:39  Ravager x2  
  164  7:45  Roach x6  
  171  7:52  Roach x4  
  171  7:54  Ravager  
  177  8:02  Roach x6  
  175  8:06  Roach x2  
Tags
 
Add a new tag
Caveats
  • Supply blocks, unpowered buildings, or Contaminate may cause inaccurate times.
  • Supply counts are checked every 10 seconds.